 Dungeon Sprint DCSS version 0.32-a0-876-gcfddb08e57 (webtiles) character file.

Game seed: 2945486792412811929

7652 Conn the Arsonist (level 11, -15/73 HPs)
             Began as an Octopode Fire Elementalist on Apr 1, 2024.
             Was the Champion of Sif Muna.
             Demolished by a death cob (20 damage)
             ... in the Dungeon (Sprint VII: "The Pits").
             The game lasted 00:19:14 (2604 turns).

Conn the Arsonist (Octopode Fire Elementalist)      Turns: 2604, Time: 00:19:15

Health: -15/73     AC:  1    Str: 11    XL:     11   Next: 18%
Magic:  16/27      EV: 18    Int: 21    God:    Sif Muna [******]
Gold:   0          SH:  0    Dex: 13    Spells: 2/34 levels left

rFire   . . .        q - +2 morningstar (protect)
rCold   . . .        (no shield)
rNeg    . . .        (helmet restricted)
rPois   .            (no amulet)
rElec   .            m - +3 ring of strength
rCorr   .            n - +3 ring of evasion
SInv    .            (no ring)
Will    .....        (no ring)
Stlth   ++++         (no ring)
HPRegen 0.32/turn    (no ring)
MPRegen 0.20/turn    (no ring)
                     (no ring)

%: no teleportation
@: on blink cooldown, hasted and slowed
A: almost no armour, amphibious, 8 rings, camouflage 1, gelatinous body 1,
(nimble swimmer 1), tentacles
a: Renounce Religion, Channel Magic, Forget Spell, Divine Exegesis


You were in the Dungeon.
You worshipped Sif Muna.
Sif Muna was exalted by your worship.
You visited 1 branch

Inventory:

Hand Weapons
 g - a +2 falchion
 l - a +1 mace of protection
 q - a +2 morningstar of protection (weapon)
Jewellery
 m - a +3 ring of strength (left tentacle)
 n - a +3 ring of evasion (right tentacle)
Scrolls
 i - 2 scrolls of vulnerability
 j - 5 scrolls of amnesia
Potions
 a - 4 potions of magic
 b - 4 potions of curing
 c - 6 potions of heal wounds
 e - 3 potions of berserk rage
 h - a potion of invisibility
 o - 2 potions of mutation
 p - a potion of resistance


   Skills:
 + Level 6.3 Fighting
 - Level 1.5 Long Blades
 + Level 5.8 Maces & Flails
 + Level 7.9 Dodging
 - Level 5.5 Stealth
 * Level 12.2 Spellcasting
 * Level 10.5 Conjurations
 - Level 6.1 Hexes
 * Level 0.0 Translocations
 + Level 12.4 Fire Magic
 * Level 5.1 Ice Magic
 + Level 5.4 Air Magic
 + Level 0.0 Earth Magic
 + Level 8.9 Invocations


You had 2 spell levels left.
You knew the following spells:

 Your Spells              Type           Power      Damage    Failure   Level
a - Foxfire               Conj/Fire      100%       2x1d9     1%          1
b - Scorch                Fire           100%       2d9       1%          2
c - Inner Flame           Hex/Fire       51%        N/A       1%          3
d - Flame Wave            Conj/Fire      57%        2d14      1%          4
e - Sticky Flame          Fire/Alch      38%        2d8       4%          4
f - Mephitic Cloud        Conj/Alch/Air  35%        N/A       1%          3
g - Fulminant Prism       Conj/Alch      17%        3d10      6%          4
h - Freezing Cloud        Conj/Ice/Air   21%        6-21      8%          5
i - Blink                 Tloc           24%        N/A       8%          2
j - Brom's Barrelling Bo  Conj/Erth      35%        2d5       6%          4

Your spell library contained the following spells:

 Spells                   Type           Power      Damage    Failure   Level
 Magic Dart               Conj           100%       1d8       1%          1
 Sting                    Conj/Alch      100%       1d9       1%          1
 Cigotuvi's Dreadful Rot  Necr/Alch/Air  40%        N/A       3%          2
 Lesser Beckoning         Tloc           24%        N/A       8%          2
 Volatile Blastmotes      Fire/Tloc      76%        2d16      1%          3
 Ignite Poison            Fire/Alch      38%        N/A       4%          4
 Anguish                  Hex/Necr       12%        N/A       14%         4
 Summon Lightning Spire   Summ/Air       24%        N/A       17%         4
 Vhi's Electric Charge    Tloc/Air       48%        N/A       17%         4
 Summon Mana Viper        Hex/Summ       25%        N/A       38%         5
 Dispel Undead            Necr           12%        3d9       45%         4
 Leda's Liquefaction      Alch/Erth      6%         N/A       45%         4
 Petrify                  Alch/Erth      12%        N/A       45%         4
 Orb of Destruction       Conj           27%        9d9       50%         7
 Ozocubu's Refrigeration  Ice            17%        4d11      99%         7
 Summon Horrible Things   Summ           6%         N/A       100%        8


Dungeon Overview and Level Annotations

Branches:
Dungeon (1/1)

Altars:
Ashenzari
Cheibriados
Dithmenos
Elyvilon
Fedhas
Gozag
Hepliaklqana
Kikubaaqudgha
Makhleb
Nemelex Xobeh
Okawaru
Qazlal
Ru
Sif Muna
Trog
Uskayaw
Vehumet
Wu Jian
Xom
Yredelemnul
Zin
The Shining One
Beogh
Jiyva
Lugonu

Annotations:
D Donald


Innate Abilities, Weirdness & Mutations

You cannot wear most types of armour.
You are amphibious.
You can wear up to eight rings at the same time.
Your skin changes colour to match your surroundings (Stealth+).
Your rubbery body absorbs attacks. (AC +1, EV +1)
((You are camouflaged when in or above water. (Stealth+)))
You have tentacles for arms and can constrict up to eight enemies at once.


Message History

Donald hits you with a +4 long sword of holy wrath!!!
The boulder barrels into the death cob!
The two-headed ogre is knocked back.
The acid dragon is knocked back.
The death cob is knocked back.
Casting: Brom's Barrelling Boulder (dangerous; 6% risk of failure)
Confirm with . or Enter, or press ? or * to list all spells.
Okay, then.
Donald hits you with a +4 long sword of holy wrath!
The boulder barrels into the acid dragon!
Flame seeps out of the acid dragon.
The acid dragon is moderately wounded.
The two-headed ogre is knocked back.
The two-headed ogre slams into the closed door.
The acid dragon is knocked back.
The acid dragon collides with the two-headed ogre.
The two-headed ogre is lightly wounded.
Flame seeps out of the acid dragon.
The acid dragon is moderately wounded.
There is an open door, spattered with blood here.
Casting: Brom's Barrelling Boulder (dangerous; 6% risk of failure)
Confirm with . or Enter, or press ? or * to list all spells.
You blink.
Unknown command.
You feel yourself speed up.
Donald says, "I hate books."
Press: ? - help, v - describe, . - travel
Here: Donald, wielding a +4 long sword of holy wrath, wearing a +0 chain mail and wearing a +0 kite shield of reflection (lightly wounded, fast, strong, reflecting blocked projectiles)
The floor.
Unknown command.
Unknown command.
There is a large open door, spattered with blood here.
You close the large door.
A death cob opens the large door.
You feel ready to blink again. Magic courses through your body.
The death cob hits you!!
* * * LOW HITPOINT WARNING * * *
The death cob drains your vigour!
You feel yourself slow down.
Casting: Blink (safe; 8% risk of failure)
Confirm with . or Enter, or press ? or * to list all spells.
You blink.
The death cob hits you!!
You die...

÷)..)'................+
'#####..)...#..#......#
.#..##.....)..........#
.'..#####'#####''######
##'###.......##''############
....##.......##......'..')..###
....##.......##).)§..'..'.....##
'#####...<...##.....##÷.##.....##
).[.##.......##.@z###....###....#
))[.##.......##..##........###.##
######.......##''#...#..#...#..÷.
.#..###########.............'..○.
.#.############''#...#..#...#..z.
.#.#....#..[[##..##........###.##
.#'#....#..[[##...###....###....#
.#)'.)..'..))##.....##..##.....##
.#'#....#..).###.....'..'.....##


You could see a death cob (inner flame).

Vanquished Creatures
  A boulder beetle (D)
  3 demonic crawlers (D)
  A sea snake (D)
  A deep troll (D)
  A deep elf pyromancer (D)
  A black mamba (D)
  A cane toad (D)
  A komodo dragon (D)
  4 glass eyes (D)
  4 blink frogs (D)
  A wraith (D)
  A spriggan (D)
  A redback (D)
  An ice beast (D)
  2 black bears (D)
  An ogre (D)
  2 centaurs (D)
  A kobold brigand (D)
  A weeping skull (D)
  2 scorpions (D)
  6 killer bees (D)
  2 crimson imps (D)
  An iron imp (D)
  A gnoll (D)
  A river rat (D)
  2 orcs (D)
  A bat (D)
  An endoplasm (D)
  A giant cockroach (D)
  4 jackals (D)
  2 kobolds (D)
  2 quokkas (D)
55 creatures vanquished.

Vanquished Creatures (others)
  91 foxfires (D)
  4 fulminant prisms (D)
95 creatures vanquished.

Grand Total: 150 creatures vanquished

Notes
Turn   | Place    | Note
-------+----------+-------------------------------------------
     0 | D        | Conn the Octopode Fire Elementalist began the quest for the
                  | Orb.
     0 | D        | Reached XP level 1. HP: 11/11 MP: 3/3
    46 | D        | Found a bloodstained altar of Trog.
    46 | D        | Found a shimmering blue altar of Sif Muna.
    46 | D        | Found a viscous altar of Jiyva.
    46 | D        | Found a hazy altar of Hepliaklqana.
    46 | D        | Found an opulent altar of Gozag.
    47 | D        | Found a glowing golden altar of the Shining One.
    47 | D        | Found a glowing silver altar of Zin.
    47 | D        | Found a basalt altar of Yredelemnul.
    47 | D        | Found a shimmering altar of Xom.
    47 | D        | Found an ornate altar of the Wu Jian Council.
    47 | D        | Found a sacrificial altar of Ru.
    47 | D        | Found a stormy altar of Qazlal.
    47 | D        | Found an iron altar of Okawaru.
    47 | D        | Found a sparkling altar of Nemelex Xobeh.
    47 | D        | Found a burning altar of Makhleb.
    47 | D        | Found a blossoming altar of Fedhas.
    47 | D        | Found a white marble altar of Elyvilon.
    47 | D        | Found a shadowy altar of Dithmenos.
    47 | D        | Found a snail-covered altar of Cheibriados.
    48 | D        | Found a radiant altar of Vehumet.
    48 | D        | Found a corrupted altar of Lugonu.
    48 | D        | Found a roughly hewn altar of Beogh.
    49 | D        | Found an ancient bone altar of Kikubaaqudgha.
    49 | D        | Found a hide-covered altar of Uskayaw.
    49 | D        | Found a broken altar of Ashenzari.
    50 | D        | Became a worshipper of Sif Muna the Loreminder
    93 | D        | Noticed a scorpion
   100 | D        | Reached * piety under Sif Muna
   101 | D        | Reached XP level 2. HP: 8/17 MP: 5/5
   111 | D        | Learned a level 2 spell: Scorch
   154 | D        | Killed a scorpion
   154 | D        | Reached ** piety under Sif Muna
   155 | D        | Reached XP level 3. HP: 8/22 MP: 0/8
   155 | D        | Reached XP level 4. HP: 10/27 MP: 0/9
   266 | D        | Learned a level 3 spell: Inner Flame
   271 | D        | Learned a level 4 spell: Flame Wave
   273 | D        | Noticed a black bear
   309 | D        | Reached *** piety under Sif Muna
   383 | D        | Killed a black bear
   384 | D        | Reached skill level 1 in Fighting
   384 | D        | Reached skill level 1 in Long Blades
   384 | D        | Reached skill level 5 in Stealth
   384 | D        | Reached skill level 5 in Spellcasting
   384 | D        | Reached XP level 5. HP: 33/33 MP: 4/12
   503 | D        | Noticed a kobold brigand
   506 | D        | Noticed a weeping skull
   507 | D        | Killed a weeping skull
   508 | D        | Reached skill level 1 in Invocations
   508 | D        | Reached XP level 6. HP: 38/38 MP: 5/14
   509 | D        | Noticed a glass eye
   511 | D        | Reached **** piety under Sif Muna
   512 | D        | Reached skill level 1 in Hexes
   512 | D        | Killed a glass eye
   513 | D        | Reached XP level 7. HP: 43/43 MP: 1/17
   513 | D        | Noticed a glass eye
   518 | D        | Killed a glass eye
   519 | D        | Reached skill level 5 in Dodging
   519 | D        | Reached skill level 5 in Conjurations
   519 | D        | Reached skill level 10 in Fire Magic
   646 | D        | Reached skill level 5 in Invocations
   652 | D        | Noticed a wraith
   661 | D        | Killed a wraith
   661 | D        | Reached ***** piety under Sif Muna
   662 | D        | Reached XP level 8. HP: 29/49 MP: 4/20
   739 | D        | Noticed a glass eye
   745 | D        | Killed a glass eye
   749 | D        | Received a gift from Sif Muna
   750 | D        | Got Sif Muna's Vellum of Transmutation {god gift}
   867 | D        | Learned a level 4 spell: Sticky Flame
   871 | D        | Learned a level 3 spell: Mephitic Cloud
   876 | D        | Learned a level 4 spell: Fulminant Prism
   883 | D        | Noticed a glass eye
   884 | D        | Noticed a sea snake
   890 | D        | Killed a glass eye
   891 | D        | Reached skill level 1 in Maces & Flails
   891 | D        | Reached skill level 1 in Air Magic
   892 | D        | Killed a sea snake
   893 | D        | Reached skill level 10 in Spellcasting
   893 | D        | Reached XP level 9. HP: 57/57 MP: 1/23
  1106 | D        | Noticed a demonic crawler
  1106 | D        | Noticed a demonic crawler
  1122 | D        | Killed a demonic crawler
  1314 | D        | Killed a demonic crawler
  1389 | D        | Noticed a komodo dragon
  1393 | D        | Noticed a black mamba
  1401 | D        | Killed a komodo dragon
  1402 | D        | Reached XP level 10. HP: 24/65 MP: 7/25
  1402 | D        | Killed a black mamba
  1405 | D        | Reached skill level 5 in Fighting
  1405 | D        | Reached skill level 5 in Hexes
  1443 | D        | Received a gift from Sif Muna
  1446 | D        | Got Sif Muna's Exposition on the Band and Congelation {god
                  | gift}
  1540 | D        | Learned a level 5 spell: Freezing Cloud
  1587 | D        | Noticed a cane toad
  1587 | D        | Noticed a demonic crawler
  1594 | D        | Killed a cane toad
  1599 | D        | Killed a demonic crawler
  1600 | D        | Reached ****** piety under Sif Muna
  1601 | D        | Reached skill level 5 in Maces & Flails
  1724 | D        | Received a gift from Sif Muna
  1735 | D        | Noticed a deep elf pyromancer
  1746 | D        | HP: 1/68 [burnt (5)]
  1750 | D        | Killed a deep elf pyromancer
  1751 | D        | Reached skill level 10 in Conjurations
  1751 | D        | Reached skill level 5 in Air Magic
  1753 | D        | Received a gift from Sif Muna
  1754 | D        | Reached XP level 11. HP: 25/72 MP: 14/27
  1754 | D        | Got Sif Muna's Information on Conflict and Dislocation {god
                  | gift}
  1756 | D        | Got Sif Muna's Second Course in Spellweaving {god gift}
  1902 | D        | Noticed a boulder beetle
  2197 | D        | Killed a boulder beetle
  2296 | D        | Noticed a deep troll
  2320 | D        | Killed a deep troll
  2321 | D        | Reached skill level 5 in Ice Magic
  2526 | D        | Learned a level 2 spell: Blink
  2531 | D        | Learned a level 4 spell: Brom's Barrelling Boulder
  2579 | D        | Noticed a phantasmal warrior
  2579 | D        | Noticed a death cob
  2579 | D        | Noticed Donald
  2586 | D        | Noticed a two-headed ogre
  2604 | D        | Demolished by a death cob

Illustrated notes

Levels and vault maps discovered:
D:        pitsprint [storerooms_1, entrance_room_1, metal_vault_4, armoury_1,
          mini_pit_1, grid_room_1, main_hall_1, silver_pit, the_coven_1,
          the_vestibule_1, steel_vault_3, golden_pit, hallway_of_sentries,
          crystal_vault_2, iron_vault_3, final_vault]

Skill      XL: |  1  2  3  4  5  6  7  8  9 10 11 |
---------------+----------------------------------+-----
Stealth        | 3 4 5 |  5.5
Fire Magic     | 4 6 8 9 10 11 12 | 12.4
Dodging        | 3 4 5 6 7 |  7.9
Spellcasting   | 3 5 7 8 10 11 12 | 12.2
Fighting       | 1 3 4 6 |  6.3
Long Blades    | 1 |  1.5
Conjurations   | 2 3 4 5 7 8 10 | 10.5
Invocations    | 1 4 5 6 7 8 |  8.9
Hexes          | 1 2 3 4 5 6 |  6.1
Maces & Flails | 2 4 5 |  5.8
Air Magic      | 2 3 5 |  5.4
Ice Magic      | 4 5 |  5.1

Action                     |  1- 3 |  4- 6 |  7- 9 | 10-12 || total
---------------------------+-------+-------+-------+-------++-------
  Melee: Falchion          |     7 |       |       |       ||     7
         Constrict         |     4 |       |     3 |     1 ||     8
         Tentacles         |     2 |       |     2 |       ||     4
         Mace              |       |     1 |     8 |       ||     9
         Morningstar       |       |       |       |     5 ||     5
   Cast: Foxfire           |     8 |    14 |    11 |    20 ||    53
         Scorch            |     1 |     1 |    13 |    17 ||    32
         Inner Flame       |       |     4 |     7 |    11 ||    22
         Flame Wave        |       |       |     6 |     8 ||    14
         Mephitic Cloud    |       |       |     3 |     8 ||    11
         Sticky Flame      |       |       |     2 |     1 ||     3
         Fulminant Prism   |       |       |     2 |     2 ||     4
         Brom's Barrelling |       |       |       |     3 ||     3
         Blink             |       |       |       |     2 ||     2
 Invoke: Channel Magic     |       |       |       |     2 ||     2
    Use: Potion            |     1 |       |     4 |     8 ||    13
         Scroll            |       |       |       |     2 ||     2
   Stab: Confused          |       |       |       |     1 ||     1
 Armour: Skin              |     8 |       |    22 |    28 ||    58
  Dodge: Dodged            |     5 |     4 |    22 |    29 ||    60

Table legend: (Time is in decaauts)
 A = Elapsed time spent in this place.
 B = Non-inter-level travel time spent in this place.
 C = Inter-level travel time spent in this place.
 D = Time resting spent in this place.
 E = Time spent auto-exploring this place.
 F = Levels seen in this place.
 G = Mean time per level.
                   A        B        C        D        E       F      G
               +--------+--------+--------+--------+--------+-----+--------+
         Total |   2609 |   2609 |      0 |   1703 |      0 |   1 | 2609.0 |
       Dungeon |   2609 |   2609 |      0 |   1703 |      0 |   1 | 2609.0 |
               +--------+--------+--------+--------+--------+-----+--------+

Top non-repeatable levels by time:
       D: 2609 daAuts
